Map: Backwater LE

Players

CinDra

  • Race: Zerg Zerg
  • League: Silver
  • Spawn Location: 11:00

Rolooo - Winner!

  • Race: Zerg Zerg
  • League: Gold
  • Spawn Location: 5:00

VOD

Have the link to the VOD?

Description

Time

  • Played on: Feb. 26, 2018, 4:21 p.m.
  • Length: 12:08
Show
View Real Time Build Order
Export as new Build Order

CinDra Zerg 

Build Orders: Hatch First 

Get SALT Encoding   

  12  0:01  Drone  
  13  0:12  Overlord  
  13  0:17  Drone  
  14  0:30  Drone  
  14  0:31  Drone  
  14  0:35  Drone  
  17  0:55  Hatchery  
  17  0:56  Drone  
  17  1:01  Drone  
  18  1:05  Extractor  
  18  1:06  Drone  
  18  1:19  Spawning Pool  
  18  1:22  Drone  
  18  1:29  Drone  
  19  1:39  Drone  
  20  1:49  Drone  
  21  2:07  Queen x2  
  25  2:08  Zergling x2  
  25  2:09  Zergling x2  
  25  2:11  Drone  
  28  2:17  Overlord  
  28  2:35  Zergling x2  
  28  2:36  Zergling x2  
  30  2:44  Zergling x6  
  30  2:50  Queen  
  35  2:51  Overlord  
  35  3:19  Drone  
  36  3:20  Drone x8, Overlord x2  
  36  3:23  Metabolic Boost  
  38  3:41  Queen  
  39  3:50  Drone x3  
  39  3:51  Drone  
  43  4:09  Zergling x14  
  50  4:23  Hatchery  
  49  4:30  Drone x4  
  46  5:20  Zergling x2  
  46  5:21  Zergling x24  
  56  5:41  Queen  
  58  5:46  Zergling x2  
  58  5:47  Zergling x12  
  64  6:11  Drone  
  64  6:13  Extractor  
  64  6:14  Overlord x4  
  64  6:15  Overlord  
  54  6:30  Zergling x2  
  54  6:31  Zergling x18  
  64  6:51  Lair  
  64  7:05  Drone x11  
  75  7:11  Roach Warren  
  74  7:28  Zergling x2, Overlord x2  
  74  7:29  Zergling x18  
  84  8:11  Glial Reconstitution  
  84  8:13  Spire  
  84  8:14  Roach x10  
  84  8:15  Roach x8  
  119  8:25  Overlord x2  
  119  8:26  Overlord  
  119  8:30  Extractor x2  
  76  9:12  Zergling x4  
  76  9:13  Zergling x38  
  83  9:29  Mutalisk x3  
  75  9:45  Mutalisk x3  
  75  9:46  Overlord  
  75  9:47  Overlord x8  
  79  9:56  Zerg Flyer Weapons Level 1  
  73  10:24  Mutalisk x3  
  68  10:56  Mutalisk  
  67  10:57  Mutalisk x3  
  67  11:13  Mutalisk  
  68  11:19  Queen  
  68  11:21  Drone x8  
  78  11:29  Mutalisk  
Show
View Real Time Build Order
Export as new Build Order

Rolooo Zerg - Winner!

Build Orders: Hatch First 

Get SALT Encoding   

  12  0:01  Drone  
  13  0:08  Drone  
  14  0:15  Extractor  
  14  0:17  Drone  
  15  0:22  Overlord  
  15  0:40  Extractor  
  15  0:41  Drone  
  15  0:53  Hatchery  
  14  0:57  Drone  
  14  0:59  Drone  
  14  1:03  Drone  
  17  1:20  Spawning Pool  
  17  1:23  Drone  
  17  1:26  Drone  
  18  1:34  Drone  
  19  1:42  Overlord  
  19  2:07  Evolution Chamber, Metabolic Boost  
  18  2:09  Queen  
  18  2:10  Queen  
  18  2:14  Zergling x2  
  23  2:16  Zergling x2  
  23  2:19  Zergling x2  
  23  2:22  Zergling x2  
  26  2:26  Zergling x2  
  26  2:29  Zergling x2  
  28  2:48  Drone x3  
  31  2:54  Drone x2  
  33  3:06  Zergling x2  
  34  3:16  Zergling x4  
  34  3:18  Overlord x2  
  35  3:36  Zergling x2  
  34  3:47  Lair  
  33  3:49  Zergling x6  
  33  3:50  Zergling x6  
  33  3:52  Zergling x2  
  33  3:53  Zergling x6  
  43  4:20  Roach Warren  
  43  4:22  Baneling Nest, Extractor  
  43  4:23  Drone x4  
  44  4:37  Zergling x12  
  38  5:24  Zergling x8  
  38  5:25  Spire, Zergling x2  
  38  5:27  Zergling x6  
  38  5:28  Zergling x6  
  44  5:32  Overseer  
  44  5:44  Drone  
  44  5:48  Drone  
  40  6:08  Baneling x2  
  40  6:09  Baneling x3  
  40  6:11  Zergling x6  
  40  6:12  Zergling x2  
  40  6:15  Zergling x2  
  40  6:16  Zergling x6  
  47  6:40  Extractor  
  47  6:41  Extractor  
  47  6:42  Drone x6  
  51  6:57  Hatchery  
  50  7:17  Mutalisk  
  50  7:19  Overlord  
  50  7:20  Overlord x3  
  52  7:46  Mutalisk x5  
  62  7:55  Mutalisk x2  
  62  7:56  Mutalisk  
  68  7:59  Drone x7  
  68  8:00  Drone  
  76  8:07  Overseer x2  
  76  8:35  Zergling x2  
  76  8:36  Zergling x4  
  61  8:57  Zergling x6  
  62  9:11  Mutalisk x3  
  62  9:12  Mutalisk x3  
  68  9:32  Queen  
  66  9:48  Roach x5, Hydralisk Den  
  66  9:51  Roach x3  
  66  9:52  Roach x2  
  85  10:26  Zergling x6  
  76  10:35  Burrow  
  68  10:40  Queen  
  50  10:55  Zergling x2  
  50  10:56  Zergling x2  
  51  11:13  Zergling x16  
  59  11:20  Drone x3  
Tags
 
Add a new tag
Caveats
  • Supply blocks, unpowered buildings, or Contaminate may cause inaccurate times.
  • Supply counts are checked every 10 seconds.